 Dungeon Crawl Stone Soup version 0.30-a0-377-g5cb311bc9f (webtiles) character file.

Game seed: 8605712141907664334

99 KermitSword the Ruffian (level 4, -4/44 HPs)
             Began as a Troll Berserker on Nov 29, 2022.
             Was a Believer of Trog.
             Slain by an orc
             ... wielding a +0 mace
              (6 damage)
             ... on level 4 of the Dungeon.
             The game lasted 00:11:00 (2565 turns).

KermitSword the Ruffian (Troll Berserker)           Turns: 2565, Time: 00:11:00

Health: -4/44      AC:  5    Str: 27    XL:     4   Next: 45%
Magic:  3/3        EV: 10    Int:  3    God:    Trog [**....]
Gold:   142        SH:  0    Dex:  9    Spells: 3/3 levels left

rFire   . . .      SeeInvis .      - Unarmed
rCold   . . .      Faith    .    (no shield)
rNeg    . . .      Spirit   .    a - +0 animal skin
rPois   .          Reflect  .    (helmet restricted)
rElec   .          Harm     .    d - +0 cloak
rCorr   .          Rampage  .    (gloves unavailable)
Will    .....                    (boots unavailable)
Stlth   +.........               (no amulet)
HPRegen 1.07/turn                (no ring)
MPRegen 0.08/turn                (no ring)

@: no status effects
A: large, unfitting armour, claws 3, regeneration 1, shaggy fur 1, tough skin 1
a: Renounce Religion, Berserk, Trog's Hand


You were on level 4 of the Dungeon.
You worshipped Trog.
Trog was pleased with you.
You visited 1 branch of the dungeon, and saw 4 of its levels.

You collected 142 gold pieces.

Inventory:

Missiles
 o - 2 poisoned darts
Armour
 a - a +0 animal skin (worn)
 d - a +0 cloak (worn)
Jewellery
 s - an amulet of magic regeneration
Scrolls
 c - 4 scrolls of identify {unknown}
 e - a scroll of blinking {unknown}
 h - a scroll of butterflies {unknown}
 k - a scroll of amnesia {unknown}
 l - a scroll of immolation {unknown}
 m - a scroll of silence {unknown}
 n - 2 scrolls of teleportation {unknown}
 p - a scroll of magic mapping {unknown}
Potions
 b - 4 potions of curing {unknown}
 f - a potion of degeneration {unknown}
 g - a potion of magic {unknown}
 i - 2 potions of cancellation {unknown}
 j - a potion of brilliance {unknown}
 q - a potion of haste {unknown}
 r - 2 potions of might {unknown}


   Skills:
 + Level 2.9 Fighting
 + Level 3.1 Dodging
 + Level 0.1 Stealth
 + Level 4.1 Unarmed Combat


You had 3 spell levels left.
You didn't know any spells.
Your spell library contained the following spells:

 Spells                   Type           Power      Damage    Failure   Level
 Scorch                   Fire           0%         2d5       67%         2
 Flame Wave               Conj/Fire      0%         2d4       99%         4
 Summon Cactus Giant      Summ           0%         N/A       100%        6


Dungeon Overview and Level Annotations

Branches:
Dungeon (4/15)
 Temple: D:4-7

Altars:

Annotations:
D:4 Eustachio


Innate Abilities, Weirdness & Mutations

You are too large for most types of armour.
You have claws for hands.
Your natural rate of healing is unusually fast.
You are covered in fur. (AC +1)
You have tough skin. (AC +1)


Message History

You are too injured to fight recklessly!
You are too injured to fight recklessly!
You closely miss the orc. The bat barely misses you.
The orc hits you with a +0 mace. The orc priest barely misses you.
The orc hits you but does no damage.
You claw the orc!
The orc is almost dead.
The bat barely misses you. The bat hits you but does no damage.
The orc barely misses you. The orc hits you with a +0 club.
The orc priest hits you from afar with a +0 trident.
* * * LOW HITPOINT WARNING * * *
The orc hits you with a +0 war axe.
* * * LOW HITPOINT WARNING * * *
The orc closely misses you. The orc hits you with a +0 short sword.
* * * LOW HITPOINT WARNING * * *
An orc comes into view. It is wielding a +0 trident.
Eustachio screams, "At last I'll have my revenge!"
Eustachio casts a spell.
You are too injured to fight recklessly!
You are too injured to fight recklessly!
You are too injured to fight recklessly!
You are too injured to fight recklessly!
You are too injured to fight recklessly!
You are too injured to fight recklessly!
You claw the orc!
You kill the orc!
Trog accepts your kill. The bat closely misses you. The bat misses you.
The orc priest hits you from afar with a +0 trident.
* * * LOW HITPOINT WARNING * * *
The orc hits you but does no damage. The orc hits you with a +0 club.
* * * LOW HITPOINT WARNING * * *
The orc hits you with a +0 club.
* * * LOW HITPOINT WARNING * * *
The river rat closely misses you.
You scratch the orc.
The orc is lightly wounded.
The bat barely misses you. x2; The orc closely misses you.
The orc hits you with a +0 mace.
You die...

.... #......
..... #.....#
.....##.....#
............#
..........!.#
............#
#<.†..#
#.rb..##
#5o@o..#
#.o@o..+
#o.55..#
#.....##
#.....#
.......
....o....
...........


You could see Eustachio, 2 iron imps, an orc priest, a crimson imp (summoned), a
river rat (summoned), 5 orcs and a bat (summoned).

Vanquished Creatures
  3 adders
  4 dart slugs
  2 orcs
  7 endoplasms
  2 giant cockroaches (D:1)
  4 goblins
  3 hobgoblins
  5 jackals
  4 quokkas
  8 ball pythons
  4 bats
  A frilled lizard (D:1)
  7 kobolds
  5 rats
59 creatures vanquished.

Notes
Turn   | Place    | Note
-------+----------+-------------------------------------------
     0 | D:1      | KermitSword the Troll Berserker began the quest for the
                  | Orb.
     0 | D:1      | Reached XP level 1. HP: 22/22 MP: 0/0
   184 | D:1      | Reached XP level 2. HP: 29/29 MP: 1/1
   428 | D:1      | Reached XP level 3. HP: 34/36 MP: 2/2
   524 | D:1      | Reached ** piety under Trog
   900 | D:1      | You fall into a shaft and drop 1 floor!
  1151 | D:2      | Reached skill level 4 in Unarmed Combat
  1151 | D:2      | Reached XP level 4. HP: 44/44 MP: 3/3
  2181 | D:3      | Found a faded altar of an unknown god.
  2553 | D:4      | Noticed Eustachio
  2564 | D:4      | HP: 1/44 [orc/+0 club (2)]
  2565 | D:4      | Slain by an orc

Illustrated notes

Levels and vault maps discovered:
D:1:      dpeg_arrival_signposts, layout_loops_ring, minmay_pentomino_o2
D:2:      layout_basic
D:3:      layout_loops_ring, ebering_ecumenical_altar_ruins
D:4:      layout_gridville, mainiacjoe_overflow_alcove_1,
          gammafunk_ghost_gnarly_gnolls, uniq_eustachio, uniq_natasha

Skill      XL: |  1  2  3 |
---------------+----------+-----
Dodging        | 3 |  3.1
Unarmed Combat | 4 |  4.1
Fighting       | |  2.9
Stealth        | |  0.1

Action                   |  1- 3 |  4- 6 || total
-------------------------+-------+-------++-------
Melee: Unarmed           |   103 |    42 ||   145
       Punch             |     1 |     2 ||     3
Armor: Animal skin       |    55 |    15 ||    70
Dodge: Dodged            |    79 |    34 ||   113

Table legend: (Time is in decaauts)
 A = Elapsed time spent in this place.
 B = Non-inter-level travel time spent in this place.
 C = Inter-level travel time spent in this place.
 D = Time resting spent in this place.
 E = Time spent auto-exploring this place.
 F = Levels seen in this place.
 G = Mean time per level.
                   A        B        C        D        E       F      G
               +--------+--------+--------+--------+--------+-----+--------+
         Total |   2555 |   2555 |      0 |      0 |   1639 |   4 |  638.8 |
       Dungeon |   2555 |   2555 |      0 |      0 |   1639 |   4 |  638.8 |
               +--------+--------+--------+--------+--------+-----+--------+

Top non-repeatable levels by time:
     D:2: 1052 daAuts
     D:1: 895 daAuts
     D:3: 585 daAuts
     D:4: 22 daAuts
